 Dungeon Sprint DCSS version 0.29.1-13-g9f3cf754e1 (webtiles) character file.

Game seed: 12115449841327790045

3539 boopmooplesden the Fencer (level 9, -9/92 HPs)
             Began as a Minotaur Fighter on Jan 29, 2023.
             Was a High Priest of Okawaru.
             Mangled by a freezing wraith (17 damage)
             ... in the Dungeon (Sprint VII: "The Pits").
             The game lasted 00:03:21 (1500 turns).

boopmooplesden the Fencer (Minotaur Fighter)        Turns: 1500, Time: 00:03:22

Health: -9/92      AC: 20    Str: 23    XL:     9   Next: 82%
Magic:  9/9        EV:  9    Int:  5    God:    Okawaru [*****.]
Gold:   0          SH:  7    Dex: 12    Spells: 8/8 levels left

rFire   . . .      SeeInvis .   x - +3 scimitar (flame)
rCold   . . .      Faith    .   c - +0 buckler
rNeg    . . .      Spirit   .   t - +3 plate armour
rPois   .          Reflect  .   (helmet restricted)
rElec   .          Harm     .   (no cloak)
rCorr   .          Rampage  .   u - +0 pair of gloves
Will    .....      NoTele   +   (no boots)
Stlth   ..........              (no amulet)
HPRegen 0.25/turn               (no ring)
MPRegen 0.11/turn               (no ring)

@: no status effects
A: horns 2, retaliatory headbutt
a: Renounce Religion, Heroism, Finesse


You were in the Dungeon.
You worshipped Okawaru.
Okawaru was extremely pleased with you.
You visited 1 branch

Inventory:

Hand Weapons
 a - a +0 long sword
 k - a +2 falchion
 n - a +2 long sword of flaming
 s - a +2 scimitar of holy wrath
 w - the +4 quarterstaff of Propriety {freeze, Int+4 Stlth+}
   (You found it in the Dungeon)

   It freezes those it strikes, dealing additional cold damage.
   It can also slow down cold-blooded creatures.
   Int:       It affects your intelligence (+4).
   Stlth:     It makes you more stealthy.
 x - a +3 scimitar of flaming (weapon)
Armour
 b - a +0 scale mail
 c - a +0 buckler (worn)
 o - a +3 chain mail
 t - a +3 plate armour (worn)
 u - a +0 pair of gloves (worn)
 v - a +0 cloak
Jewellery
 p - a +3 ring of dexterity
 q - a +3 ring of dexterity
Scrolls
 m - 5 scrolls of amnesia
Potions
 d - a potion of might
 e - 6 potions of curing
 f - 4 potions of heal wounds
 g - 2 potions of haste
 h - 4 potions of magic
 i - 3 potions of berserk rage
 l - 2 potions of invisibility
 r - a potion of brilliance


   Skills:
 + Level 12.9 Fighting
 + Level 15.2 Long Blades
 + Level 13.8 Armour
 + Level 5.0 Dodging
 + Level 1.1 Stealth
 + Level 12.5 Shields
 + Level 2.2 Invocations


You had 8 spell levels left.
You didn't know any spells.
Your spell library was empty.

Dungeon Overview and Level Annotations

Branches:
Dungeon (1/1)

Altars:
Ashenzari
Cheibriados
Dithmenos
Elyvilon
Fedhas
Gozag
Hepliaklqana
Kikubaaqudgha
Makhleb
Nemelex Xobeh
Okawaru
Qazlal
Ru
Sif Muna
Trog
Uskayaw
Vehumet
Wu Jian
Xom
Yredelemnul
Zin
The Shining One
Jiyva
Lugonu


Innate Abilities, Weirdness & Mutations

You have a pair of horns on your head.
You reflexively headbutt those who attack you in melee.


Message History

You kill the killer bee!
Okawaru accepts your kill.
You feel very sick. The redback closely misses you. You furiously retaliate!
You headbutt the redback!
A yak comes into view.
The killer bee barely misses you.
You hit the killer bee but do no damage.
You headbutt the killer bee, but do no damage.
The killer bee is heavily wounded.
You feel very sick. You block the freezing wraith's attack.
The freezing wraith hits you but does no damage.
A yak comes into view.
You slash the redback! You burn the redback.
The redback is almost dead.
You feel very sick. You block the killer bee's attack.
The freezing wraith hits you. The freezing wraith freezes you!
The freezing wraith hits you but does no damage.
You barely miss the redback.
The redback is almost dead.
You feel very sick. The redback barely misses you. You furiously retaliate!
You headbutt the redback. The redback closely misses you.
You furiously retaliate!
You headbutt the redback!
You kill the redback!
Okawaru accepts your kill.
You feel very sick. The freezing wraith hits you!
The freezing wraith freezes you!!
* * * LOW HITPOINT WARNING * * *
The freezing wraith barely misses you.
The redback bites you but does no damage.
There is an open door here.
Things that are here:
a killer bee corpse; a killer bee corpse You feel better.
You block the redback's attack. The freezing wraith hits you!
* * * LOW HITPOINT WARNING * * *
The freezing wraith freezes you!
You die... .....#..#......# ...............+ ...............+ .....#..#......# ...............# ##'#####''###### ......##''# ######## ......##..# #yW.syg#

......##..# #.y#@#Y.Y.Y.
..<...##).##..##.##.Y...
......##..##.##...##.Y.#
......##.)####.....# .##
......##...##......# .#
########....'......+ +
########...##......#
.#....##..####.....#
.#..[.##..# ##...##


You could see a freezing wraith, a redback, 2 killer bees and a gnoll.

Vanquished Creatures
  Sonja (D)
  2 elephants (D)
  A demonic crawler (D)
  An efreet (D)
  2 hornets (D)
  A spriggan (D)
  A fire bat (D)
  A redback (D)
  A small abomination (D)
  A warg (D)
  An acid dragon (D)
  A floating eye (D)
  A centaur (D)
  Blork the orc (D)
  A gnoll sergeant (D)
  A bullfrog (D)
  A scorpion (D)
  2 killer bees (D)
  2 orc priests (D)
  An iguana (D)
  A gnoll bouda (D)
  4 gnolls (D)
  A white imp (D)
  An ufetubus (D)
  3 orcs (D)
  3 giant cockroaches (D)
  A hobgoblin (D)
  2 jackals (D)
  A ball python (D)
  A bat (D)
42 creatures vanquished.

Notes
Turn   | Place    | Note
-------+----------+-------------------------------------------
     0 | D        | boopmooplesden the Minotaur Fighter began the quest for the
                  | Orb.
     0 | D        | Reached XP level 1. HP: 19/19 MP: 0/0
     9 | D        | Noticed a scorpion
    17 | D        | Killed a scorpion
    18 | D        | Reached skill level 3 in Long Blades
    18 | D        | Reached skill level 5 in Armour
    18 | D        | Reached skill level 5 in Shields
    18 | D        | Reached XP level 2. HP: 17/30 MP: 1/1
    18 | D        | Reached XP level 3. HP: 21/37 MP: 2/2
    21 | D        | Found a bloodstained altar of Trog.
    21 | D        | Found a shimmering blue altar of Sif Muna.
    21 | D        | Found a viscous altar of Jiyva.
    21 | D        | Found a hazy altar of Hepliaklqana.
    21 | D        | Found an opulent altar of Gozag.
    22 | D        | Found a glowing golden altar of the Shining One.
    22 | D        | Found a glowing silver altar of Zin.
    22 | D        | Found a basalt altar of Yredelemnul.
    22 | D        | Found a shimmering altar of Xom.
    22 | D        | Found an ornate altar of the Wu Jian Council.
    22 | D        | Found a sacrificial altar of Ru.
    22 | D        | Found a stormy altar of Qazlal.
    22 | D        | Found an iron altar of Okawaru.
    22 | D        | Found a sparkling altar of Nemelex Xobeh.
    22 | D        | Found a burning altar of Makhleb.
    22 | D        | Found a blossoming altar of Fedhas.
    22 | D        | Found a white marble altar of Elyvilon.
    22 | D        | Found a shadowy altar of Dithmenos.
    22 | D        | Found a snail-covered altar of Cheibriados.
    24 | D        | Found a corrupted altar of Lugonu.
    24 | D        | Found a radiant altar of Vehumet.
    25 | D        | Found an ancient bone altar of Kikubaaqudgha.
    25 | D        | Found a hide-covered altar of Uskayaw.
    25 | D        | Found a broken altar of Ashenzari.
    29 | D        | Became a worshipper of Warmaster Okawaru
   161 | D        | Noticed a floating eye
   165 | D        | Paralysed by a floating eye for 3 turns
   168 | D        | Killed a floating eye
   169 | D        | Reached skill level 5 in Long Blades
   169 | D        | Reached XP level 4. HP: 48/48 MP: 3/3
   169 | D        | Reached XP level 5. HP: 53/53 MP: 4/4
   260 | D        | Noticed a warg
   262 | D        | Noticed a fire bat
   266 | D        | Reached skill level 1 in Dodging
   268 | D        | Reached skill level 6 in Long Blades
   286 | D        | Killed a warg
   287 | D        | Reached skill level 7 in Long Blades
   287 | D        | Reached XP level 6. HP: 35/63 MP: 5/5
   290 | D        | Reached * piety under Okawaru
   294 | D        | Reached skill level 8 in Long Blades
   306 | D        | HP: 1/63 [fire bat (9)]
   309 | D        | Killed a fire bat
   310 | D        | Reached skill level 9 in Long Blades
   310 | D        | Reached skill level 10 in Armour
   310 | D        | Reached XP level 7. HP: 41/71 MP: 6/6
   479 | D        | Reached ** piety under Okawaru
   480 | D        | Reached skill level 10 in Long Blades
   482 | D        | Noticed a spriggan
   494 | D        | Killed a spriggan
   495 | D        | Reached skill level 10 in Fighting
   497 | D        | Noticed Blork the orc
   502 | D        | Reached skill level 11 in Long Blades
   519 | D        | Killed Blork the orc
   719 | D        | Noticed a hornet
   719 | D        | Noticed an elephant
   735 | D        | Killed an elephant
   735 | D        | Reached *** piety under Okawaru
   736 | D        | Reached skill level 12 in Long Blades
   736 | D        | Reached skill level 1 in Stealth
   736 | D        | Reached skill level 10 in Shields
   736 | D        | Reached XP level 8. HP: 79/81 MP: 4/7
   740 | D        | Killed a hornet
  1003 | D        | Got the +4 quarterstaff of Propriety {freeze, Int+4 Stlth+}
  1064 | D        | Noticed an efreet
  1072 | D        | Reached skill level 13 in Long Blades
  1076 | D        | Killed an efreet
  1145 | D        | Noticed an elephant
  1145 | D        | Noticed Sonja
  1145 | D        | Noticed a hornet
  1145 | D        | Noticed a demonic crawler
  1155 | D        | Killed Sonja
  1155 | D        | Reached **** piety under Okawaru
  1156 | D        | Reached skill level 14 in Long Blades
  1156 | D        | Reached skill level 1 in Invocations
  1156 | D        | Reached XP level 9. HP: 10/90 MP: 5/9
  1185 | D        | Killed a demonic crawler
  1194 | D        | Killed an elephant
  1194 | D        | Reached ***** piety under Okawaru
  1195 | D        | Reached skill level 15 in Long Blades
  1198 | D        | Reached skill level 5 in Dodging
  1492 | D        | Noticed a freezing wraith
  1500 | D        | Mangled by a freezing wraith

Illustrated notes

Levels and vault maps discovered:
D:        pitsprint [storerooms_1, entrance_room_1, metal_vault_3, armoury_1,
          mini_pit_1, grid_room_1, main_hall_1, silver_pit, the_coven_2,
          the_vestibule_1, steel_vault_2, golden_pit, hallway_of_sentries,
          crystal_vault_2, iron_vault_5, final_vault]

Skill      XL: |  1  2  3  4  5  6  7  8  9 |
---------------+----------------------------+-----
Fighting       | 6 7 9 10 12 | 12.9
Long Blades    | 3 5 7 9 12 14 15 | 15.2
Armour         | 5 7 9 10 11 13 | 13.8
Shields        | 5 7 8 9 10 11 12 | 12.5
Dodging        | 1 2 3 4 5 |  5.0
Stealth        | 1 |  1.1
Invocations    | 1 2 |  2.2

Action                   |  1- 3 |  4- 6 |  7- 9 || total
-------------------------+-------+-------+-------++-------
Melee: Long sword        |     7 |    40 |    61 ||   108
       Headbutt          |     5 |     7 |    24 ||    36
       Falchion          |    11 |     7 |       ||    18
       Scimitar          |       |       |    55 ||    55
Invok: Heroism           |       |       |     5 ||     5
  Use: Potion            |       |     4 |     7 ||    11
       Scroll            |       |       |     1 ||     1
Armor: Scale mail        |     8 |    14 |       ||    22
       Chain mail        |       |    34 |    22 ||    56
       Plate armour      |       |       |    71 ||    71
Dodge: Dodged            |     3 |    28 |    65 ||    96
Block: Buckler           |     2 |    15 |    45 ||    62
